 Dungeon Sprint DCSS version 0.30.1-9-gdf580d7c3d (webtiles) character file.

Game seed: 9584693411861148810

527 Heoruswealwe the Spear-Bearer (level 7, 0/71 HPs)
             Began as a Minotaur Fighter on Oct 2, 2023.
             Slain by an orc warrior
             ... wielding a +0 long sword
              (2 damage)
             ... in the Dungeon (Sprint IX: "|||||||||||||||||||||||||||||").
             The game lasted 00:01:24 (128 turns).

Heoruswealwe the Spear-Bearer (Minotaur Fighter)     Turns: 128, Time: 00:01:25

Health: 0/71       AC:  8    Str: 22    XL:     7   Next: 2%
Magic:  6/6        EV:  9    Int:  5    God:
Gold:   0          SH:  4    Dex: 10    Spells: 6/6 levels left

rFire   . . .        a - +0 trident
rCold   . . .        d - +0 buckler
rNeg    . . .        c - +0 scale mail
rPois   .            (helmet restricted)
rElec   .            (no cloak)
rCorr   .            (no gloves)
SInv    .            (no boots)
Will    .....        (no amulet) Stlth
                     (no ring)
HPRegen 0.31/turn    (no ring)
MPRegen 0.10/turn

%: no teleportation
@: no status effects
A: horns 2, retaliatory headbutt
a: no special abilities


You were in the Dungeon.
You visited 1 branch

Inventory:

Hand Weapons
 a - a +0 trident (weapon)
Armour
 c - a +0 scale mail (worn)
 d - a +0 buckler (worn)
Jewellery
 m - a +3 ring of strength
 n - a +3 ring of strength
Wands
 l - a wand of quicksilver (10)
Scrolls
 j - 2 scrolls of blinking
 k - 2 scrolls of amnesia
Potions
 b - a potion of might
 e - a potion of invisibility
 f - 2 potions of heal wounds
 g - a potion of haste
 h - 4 potions of curing
 i - a potion of berserk rage


   Skills:
 + Level 9.8 Fighting
 * Level 12.8 Polearms
 + Level 9.7 Armour
 - Level 3.6 Shields


You had 6 spell levels left.
You didn't know any spells.
Your spell library was empty.

Dungeon Overview and Level Annotations

Branches:
Dungeon (1/1)

Altars:
Cheibriados
Dithmenos
Elyvilon
Fedhas
Gozag
Hepliaklqana
Kikubaaqudgha
Makhleb
Nemelex Xobeh
Okawaru
Qazlal
Ru
Sif Muna
Trog
Uskayaw
Vehumet
Wu Jian
Xom
Yredelemnul
Zin
The Shining One
Jiyva
Lugonu


Innate Abilities, Weirdness & Mutations

You have a pair of horns on your head.
You reflexively headbutt those who attack you in melee.


Message History

You barely miss the gargoyle.
The gargoyle is almost destroyed.
You block the gargoyle's attack.
You barely miss the gargoyle.
You headbutt the gargoyle, but do no damage.
The gargoyle is almost destroyed.
The gargoyle barely misses you. You furiously retaliate!
You headbutt the gargoyle!
You destroy the gargoyle!
Your Fighting skill increases to level 9!
Your Polearms skill gained 2 levels and is now at level 12!
Your Armour skill increases to level 9!
You have reached level 6!
You have reached level 7!
The orc warrior hits you with a +0 long sword.
* * * LOW HITPOINT WARNING * * *
You see here a +0 morningstar.
You puncture the orc warrior!
The orc warrior is heavily wounded.
You closely miss the orc warrior.
The orc warrior is heavily wounded.
The orc warrior hits you with a +0 long sword!
* * * LOW HITPOINT WARNING * * *
You hit the orc warrior but do no damage.
You headbutt the orc warrior, but do no damage.
The orc warrior is heavily wounded.
The orc warrior hits you with a +0 long sword!
* * * LOW HITPOINT WARNING * * *
You completely miss the orc warrior.
You headbutt the orc warrior, but do no damage.
The orc warrior is heavily wounded.
The orc warrior hits you with a +0 long sword.
* * * LOW HITPOINT WARNING * * *
You hit the orc warrior but do no damage.
The orc warrior is heavily wounded.
You hit the orc warrior but do no damage.
You headbutt the orc warrior, but do no damage.
The orc warrior is heavily wounded.
The orc warrior hits you with a +0 long sword.
You die...

▓.▓
▓[▓
▓[▓
▓[▓
▓.▓
▓.▓
▓'▓
▓)▓
▓@▓
▓o▓
▓Y▓
▓y▓
▓.▓
▓+▓


You could see a yak, an orc warrior and a killer bee.

Vanquished Creatures
  A gargoyle (D)
  A phantom (D)
  A gnoll sergeant (D)
  A killer bee (D)
  An iguana (D)
  An adder (D)
  A shadow imp (D)
  An orc (D)
  2 bats (D)
  A hobgoblin (D)
  A frilled lizard (D)
  A rat (D)
13 creatures vanquished.

Notes
Turn   | Place    | Note
-------+----------+-------------------------------------------
     0 | D        | Heoruswealwe the Minotaur Fighter began the quest for the
                  | Orb.
     0 | D        | Reached XP level 1. HP: 19/19 MP: 0/0
     6 | D        | Reached skill level 3 in Polearms
    23 | D        | Noticed an iguana
    23 | D        | Noticed a phantom
    29 | D        | Killed an iguana
    30 | D        | Reached skill level 5 in Fighting
    30 | D        | Reached skill level 5 in Polearms
    30 | D        | Reached skill level 5 in Armour
    30 | D        | Reached XP level 2. HP: 5/29 MP: 1/1
    30 | D        | Reached XP level 3. HP: 6/36 MP: 2/2
    35 | D        | Reached skill level 6 in Polearms
    46 | D        | Killed a phantom
    47 | D        | Reached skill level 8 in Polearms
    47 | D        | Reached XP level 4. HP: 32/45 MP: 3/3
    53 | D        | Found a snail-covered altar of Cheibriados.
    53 | D        | Found a shadowy altar of Dithmenos.
    53 | D        | Found a white marble altar of Elyvilon.
    53 | D        | Found a blossoming altar of Fedhas.
    53 | D        | Found an opulent altar of Gozag.
    54 | D        | Found a hazy altar of Hepliaklqana.
    55 | D        | Found a viscous altar of Jiyva.
    56 | D        | Found an ancient bone altar of Kikubaaqudgha.
    57 | D        | Found a corrupted altar of Lugonu.
    58 | D        | Found a burning altar of Makhleb.
    59 | D        | Found a sparkling altar of Nemelex Xobeh.
    60 | D        | Found an iron altar of Okawaru.
    61 | D        | Found a stormy altar of Qazlal.
    62 | D        | Found a sacrificial altar of Ru.
    63 | D        | Found a shimmering blue altar of Sif Muna.
    64 | D        | Found a bloodstained altar of Trog.
    65 | D        | Found a hide-covered altar of Uskayaw.
    66 | D        | Found a radiant altar of Vehumet.
    67 | D        | Found an ornate altar of the Wu Jian Council.
    68 | D        | Found a shimmering altar of Xom.
    69 | D        | Found a basalt altar of Yredelemnul.
    70 | D        | Found a glowing silver altar of Zin.
    71 | D        | Found a glowing golden altar of the Shining One.
    95 | D        | Noticed a gnoll sergeant
    95 | D        | Noticed a gargoyle
    95 | D        | Noticed an orc warrior
    95 | D        | Noticed a yak
   101 | D        | Killed a gnoll sergeant
   102 | D        | Reached skill level 9 in Polearms
   102 | D        | Reached XP level 5. HP: 43/52 MP: 4/4
   113 | D        | Reached skill level 10 in Polearms
   121 | D        | Killed a gargoyle
   122 | D        | Reached skill level 12 in Polearms
   122 | D        | Reached XP level 6. HP: 22/66 MP: 5/5
   122 | D        | Reached XP level 7. HP: 24/71 MP: 6/6
   125 | D        | HP: 3/71 [orc warrior/+0 long sword (7)]
   128 | D        | Slain by an orc warrior

Illustrated notes

Levels and vault maps discovered:
D:        linesprint [early_d, line_temple, items_1, d_10, items_2, lair_1,
          lair_end, items_3, orc_1, orc_end, items_4, d_15, swamp_1, shoals_1,
          snake_1, spider_1, d_20, vaults_1, items_5, swamp_end, shoals_end,
          snake_end, spider_end, vaults_end, d_27, items_6, zot_1, zot_end,
          crypt_end, forest_end, elf_end, slime_end, tomb_end, abyss_end,
          pan_hell_end]

Skill      XL: |  1  2  3  4  5 |
---------------+----------------+-----
Polearms       | 5 8 9 12 | 12.8
Fighting       | 5 6 7 9 |  9.8
Armour         | 5 6 7 9 |  9.7
Shields        | |  3.6

Action                     |  1- 3 |  4- 6 |  7- 9 || total
---------------------------+-------+-------+-------++-------
  Melee: Trident           |    33 |    24 |     6 ||    63
         Headbutt          |     7 |     6 |     3 ||    16
    Use: Potion            |     2 |       |       ||     2
 Armour: Scale mail        |    10 |     5 |       ||    15
  Dodge: Dodged            |     9 |    13 |       ||    22
  Block: Buckler           |     9 |     6 |       ||    15
